 Dungeon Sprint DCSS version 0.25.1-9-gc5326a611f (webtiles) character file.

Game seed: 1919922241420518425

1844 alasdair19 the Fencer (level 8, -6/79 HPs)
             Began as a Minotaur Gladiator on Jan 26, 2022.
             Mangled by a wolf (13 damage)
             ... in the Dungeon (Sprint V: "Ziggurat Sprint").
             The game lasted 00:12:20 (699 turns).

alasdair19 the Fencer (Minotaur Gladiator)           Turns: 699, Time: 00:12:21

Health: -6/79      AC: 21    Str: 28    XL:     8   Next: 88%
Magic:  16/16      EV:  9    Int:  5    God:
Gold:   0          SH:  0    Dex: 11    Spells: 7/7 levels left

rFire    + . .     SeeInvis .   I - +5 double sword
rCold    + + +     Gourm    .   (no shield)
rNeg     . . .     Faith    .   H - +5 gold dragon scales
rPois    +         Spirit   .   c - +0 hat
rElec    .         Reflect  .   (no cloak)
rCorr    .         Harm     .   (no gloves)
MR       .....     NoTele   +   (no boots)
Stlth    ..........             J - amulet of regeneration
HPRegen  0.63/turn              C - +6 ring of strength
MPRegen  0.15/turn              K - ring "Titwe" {rC++ MP+9}

@: no status effects
A: retaliatory headbutt, horns 2
a: no special abilities


You were in the Dungeon.
You were not hungry.

You visited 1 branch

Inventory:

Hand Weapons
 a - a +0 long sword
 I - a +5 double sword (weapon)
Missiles
 d - 3 throwing nets (quivered)
Armour
 b - a +0 leather armour
 c - a +0 hat (worn)
 H - +5 gold dragon scales (worn)
Jewellery
 x - an uncursed ring of flight
 y - a +6 ring of dexterity
 z - a +6 ring of dexterity
 A - a +6 ring of intelligence
 B - a +6 ring of intelligence
 C - a +6 ring of strength (left hand)
 D - a +6 ring of strength
 J - an amulet of regeneration (around neck)
 K - the ring "Titwe" (right hand) {rC++ MP+9}
   (You found it in the Dungeon)

   [ring of magical power]

   It greatly protects you from cold.
   It affects your magic capacity (+9).
 L - an uncursed ring of fire
Wands
 E - a wand of disintegration (7)
 F - a wand of iceblast (7)
 G - a wand of acid (7)
Scrolls
 k - 4 scrolls of blinking
 l - 4 scrolls of amnesia
 m - 7 scrolls of fog
 n - a scroll of holy word
 o - 5 scrolls of identify
 p - 5 scrolls of remove curse
 q - 2 scrolls of fear
Potions
 e - 10 potions of curing
 g - 10 potions of heal wounds
 h - 6 potions of haste
 i - 7 potions of magic
 j - 3 potions of berserk rage
 r - 2 potions of brilliance
 s - 2 potions of invisibility
 t - 4 potions of resistance
 u - a potion of experience
 v - 5 potions of stabbing
 w - 5 potions of might
Miscellaneous
 N - a tin of tremorstones (3/3)
Comestibles
 f - 7 rations
 M - a chunk of flesh


   Skills:
 + Level 10.0 Fighting
 + Level 15.8 Long Blades
 + Level 5.6 Throwing
 + Level 7.6 Armour
 + Level 10.0 Dodging


You had 7 spell levels left.
You didn't know any spells.
Your spell library contained the following spells:

 Spells                   Type           Power        Failure   Level  Hunger
 Sublimation of Blood     Necr           #.........   100%        2    ###....
 Ignite Poison            Fire/Tmut/Pois #.......     100%        3    ####...
 Petrify                  Tmut/Erth      #.......     100%        4    #####..
 Alistair's Intoxication  Tmut/Pois      #.......     100%        5    ######.
 Irradiate                Conj/Tmut      #.........   100%        5    ######.
 Eringya's Noxious Bog    Tmut/Pois      #.........   100%        6    #######


Dungeon Overview and Level Annotations

Branches:
Dungeon (1/1)

Altars:
Ashenzari
Cheibriados
Dithmenos
Elyvilon
Fedhas
Gozag
Hepliaklqana
Kikubaaqudgha
Makhleb
Nemelex Xobeh
Okawaru
Qazlal
Ru
Sif Muna
Trog
Uskayaw
Vehumet
Wu Jian
Xom
Yredelemnul
Zin
The Shining One
Beogh
Jiyva
Lugonu


Innate Abilities, Weirdness & Mutations

You reflexively headbutt those who attack you in melee.
You have a pair of horns on your head.


Message History

You kill the spriggan!
Your Fighting skill increases to level 10!
The black bear bites you but does no damage.
The black bear misses you.
The black bear claws you but does no damage.
The wolf bites you.
* * * LOW HITPOINT WARNING * * *
Your gold dragon scales prevents you from hitting the black bear.
The wolf bites you but does no damage.
The black bear bites you but does no damage.
The black bear closely misses you.
The black bear claws you but does no damage.
You slash the black bear!
The black bear is moderately wounded.
The wolf bites you but does no damage.
Your gold dragon scales prevents you from hitting the black bear.
You headbutt the black bear.
The black bear is heavily wounded.
The wolf bites you!
You die...

▓..8©8..▓
▓..|)}}...▓..:.[..▓
▓...})}...▓..[:|..▓
▓.........▓.......▓
▓.........▓...))..▓
▓.........▓..))÷..▓
▓.........▓.......▓
▓.▓.h)h.▓.▓.▓...▓.▓
▓....@)...▓...©...▓
▓▓▓▓▓▓▓▓▓▓▓▓▓▓▓▓▓▓▓
▓..8©8..▓ ▓..):)..▓
▓..)|:..▓ ▓.......▓
▓.......▓ ▓.......▓
▓.......▓


You could see a black bear (strong) and a wolf (strong).

Vanquished Creatures
  A spriggan druid (D)
  2 spriggans (D)
  A golden eye (D)
  A naga (D)
  2 hell hounds (D)
  A floating eye (D)
  A black bear (D)
  A wolf (D)
  2 jellies (D)
  An iron imp (D)
  An orc priest (D)
  5 orc wizards (D)
  3 adders (D)
  2 white imps (D)
  An ufetubus (D)
  2 oozes (D)
  An adder zombie (D)
  3 orcs (D)
  A ball python (D)
  2 bat skeletons (D)
  A bat zombie (D)
35 creatures vanquished.

Notes
Turn   | Place    | Note
-------+----------+-------------------------------------------
     0 | D        | alasdair19 the Minotaur Gladiator began the quest for the
                  | Orb.
     0 | D        | Reached XP level 1. HP: 18/18 MP: 0/0
     0 | D        | Found a blossoming altar of Fedhas.
     1 | D        | Found the +6 Majin-Bo {vamp, Archmagi MP+6 Int+6}
     1 | D        | Found the +7 great mace "Firestarter" {inner flame, rF++}
     1 | D        | Found a transporter.
     1 | D        | Found a viscous altar of Jiyva.
     1 | D        | Found an ancient bone altar of Kikubaaqudgha.
     1 | D        | Found a hazy altar of Hepliaklqana.
     1 | D        | Found a corrupted altar of Lugonu.
     1 | D        | Found an opulent altar of Gozag.
     1 | D        | Found a burning altar of Makhleb.
     2 | D        | Found a sacrificial altar of Ru.
     2 | D        | Found a shimmering blue altar of Sif Muna.
     2 | D        | Found a stormy altar of Qazlal.
     2 | D        | Found a bloodstained altar of Trog.
     2 | D        | Found an iron altar of Okawaru.
     2 | D        | Found a sparkling altar of Nemelex Xobeh.
    98 | D        | Entered arena 2.
    98 | D        | Noticed a jelly
    98 | D        | Noticed a jelly
    98 | D        | Found a transporter.
   101 | D        | Killed a jelly
   101 | D        | Reached skill level 6 in Long Blades
   101 | D        | Reached skill level 5 in Dodging
   101 | D        | Reached XP level 2. HP: 24/26 MP: 1/1
   101 | D        | Reached XP level 3. HP: 29/31 MP: 2/2
   114 | D        | Entered arena 3.
   114 | D        | Found a transporter.
   118 | D        | Reached skill level 7 in Long Blades
   118 | D        | Reached XP level 4. HP: 23/40 MP: 3/3
   122 | D        | Reached skill level 8 in Long Blades
   125 | D        | Reached XP level 5. HP: 21/47 MP: 4/4
   304 | D        | Got the ring "Titwe" {rC++ MP+9}
   312 | D        | Entered arena 4.
   312 | D        | Noticed a golden eye
   312 | D        | Noticed a floating eye
   312 | D        | Found a transporter.
   316 | D        | Paralysed by a floating eye for 2 turns
   320 | D        | Killed a golden eye
   320 | D        | Reached skill level 5 in Fighting
   320 | D        | Reached skill level 10 in Long Blades
   320 | D        | Reached XP level 6. HP: 55/57 MP: 5/5
   322 | D        | Paralysed by a floating eye for 2 turns
   325 | D        | Killed a floating eye
   325 | D        | Reached skill level 11 in Long Blades
   325 | D        | Reached skill level 1 in Armour
   374 | D        | Entered arena 5.
   374 | D        | Found a transporter.
   387 | D        | Reached skill level 12 in Long Blades
   406 | D        | Entered arena 6.
   406 | D        | Noticed a naga
   406 | D        | Found a transporter.
   417 | D        | Killed a naga
   417 | D        | Reached XP level 7. HP: 50/66 MP: 6/6
   468 | D        | Entered arena 7.
   469 | D        | Found a transporter.
   477 | D        | Reached skill level 13 in Long Blades
   477 | D        | Reached skill level 5 in Throwing
   554 | D        | Entered arena 8.
   559 | D        | Found a transporter.
   561 | D        | Reached skill level 10 in Dodging
   682 | D        | Entered arena 9.
   682 | D        | Noticed a spriggan
   682 | D        | Noticed a spriggan
   682 | D        | Noticed a spriggan druid
   683 | D        | Identified the +1 eveningstar of the Lame Duck {flame, rN+
                  | Int+2 SInv Stlth+}
   688 | D        | Killed a spriggan
   688 | D        | Reached skill level 14 in Long Blades
   688 | D        | Reached skill level 5 in Armour
   688 | D        | Reached XP level 8. HP: 68/77 MP: 7/7
   693 | D        | Killed a spriggan druid
   693 | D        | Reached skill level 15 in Long Blades
   696 | D        | Reached skill level 10 in Fighting
   699 | D        | Mangled by a wolf

Illustrated notes

Levels and vault maps discovered:
D:        sprint_v [room_start, room_1, room_2, room_3, room_4, room_5, room_6,
          room_7, room_8, room_9, room_10, room_11, room_12, room_13, room_14,
          room_15, room_16, room_17, room_18, room_19, room_20, room_21,
          room_22, room_23, room_24, room_25, room_26, room_27]

Skill      XL: |  1  2  3  4  5  6  7  8 |
---------------+-------------------------+-----
Fighting       | 3 4 5 7 8 10 | 10.0
Long Blades    | 6 7 8 10 12 14 15 | 15.8
Dodging        | 5 6 7 8 9 10 | 10.0
Throwing       | 3 4 5 |  5.6
Armour         | 2 5 7 |  7.6

Action                   |  1- 3 |  4- 6 |  7- 9 || total
-------------------------+-------+-------+-------++-------
Melee: Double sword      |     5 |    28 |    32 ||    65
       Headbutt          |     2 |     6 |     7 ||    15
Throw: Throwing net      |       |     2 |       ||     2
Evoke: Tin of tremorston |       |       |     1 ||     1
Armor: Gold dragon scale |     6 |    60 |    59 ||   125
Dodge: Dodged            |     2 |    21 |    32 ||    55
       Rpst.: Double sword |     1 |       |     8 ||     9
